 Dungeon Crawl Stone Soup version 0.32-a0-996-gb3226c233f (webtiles) character file.

Game seed: 17970797488279717223

4966 hikkokomori the Fighter (level 10, -10/91 HPs)
             Began as a Mountain Dwarf Monk on Apr 24, 2024.
             Was a Priest of Vehumet.
             Killed from afar by an orc wizard (11 damage)
             ... with a puff of flame
             ... on level 8 of the Dungeon.
             The game lasted 00:34:53 (9919 turns).

hikkokomori the Fighter (Mountain Dwarf Monk)       Turns: 9919, Time: 00:34:53

Health: -10/91     AC:  1    Str: 16    XL:     10   Next: 28%
Magic:  1/17       EV: 16    Int: 17    God:    Vehumet [***...]
Gold:   23         SH:  5    Dex: 12    Spells: 1/18 levels left

rFire   . . .        n - +0 trident (venom)
rCold   . . .        f - +0 buckler
rNeg    + . .        C - +2 robe "Biuduap" {rPois rN+ Int+4}
rPois   +            c - +0 helmet
rElec   .            (no cloak)
rCorr   .            (no gloves)
SInv    .            (no boots)
Will    +....        (no amulet)
Stlth   +            m - +5 ring of evasion
HPRegen 0.35/turn    (no ring)
MPRegen 0.15/turn

%: no passive effects
@: about to teleport, corroded, hasted, very quick
A: runic magic, artefact enchanting
a: Renounce Religion


You were on level 8 of the Dungeon.
You worshipped Vehumet.
Vehumet was most pleased with you.
You visited 2 branches of the dungeon, and saw 9 of its levels.

You collected 387 gold pieces.
You spent 364 gold pieces at shops.

Inventory:

Hand Weapons
 a - a +0 hand axe
 n - a +0 trident of venom (weapon)
Missiles
 k - 4 silver javelins
 w - 10 boomerangs
 G - a curare-tipped dart
Armour
 c - a +0 helmet (worn)
 d - an orb of light
 f - a +0 buckler (worn)
 q - the +0 chain mail of Pan-Flutes {Harm Slay+3 Stlth+}
   (You bought it in a shop on level 5 of the Dungeon)

   Slay+3:    It affects your accuracy & damage with ranged weapons and melee
   (+3).
   Harm:      It increases damage dealt and taken.
   Stlth+:    It makes you more stealthy.
 r - the +0 robe "Viliryat" {Harm Str-3 Archmagi}
   (You took it off a kobold on level 2 of the Dungeon)

   Str-3:     It affects your strength (-3).
   Harm:      It increases damage dealt and taken.
   Archmagi:  It increases the power of your magical spells.
 x - a +1 ring mail of willpower
 C - the +2 robe "Biuduap" (worn) {rPois rN+ Int+4}
   (You took it off an orc on level 6 of the Dungeon)

   Int+4:     It affects your intelligence (+4).
   rPois:     It protects you from poison.
   rN+:       It protects you from negative energy.
Jewellery
 m - a +5 ring of evasion (left hand)
Wands
 z - a wand of digging (5)
 F - a wand of polymorph (8)
Scrolls
 b - a scroll of torment {unknown}
 g - a scroll of poison {unknown}
 h - a scroll of noise
 i - a scroll of amnesia
 l - a scroll of enchant armour {unknown}
 p - 2 scrolls of enchant weapon
 y - 2 scrolls of revelation {unknown}
 D - a scroll of immolation
Potions
 j - a potion of enlightenment {unknown}
 t - 2 potions of mutation
 u - a potion of haste
 v - a potion of brilliance
 A - a potion of might {unknown}
 B - 2 potions of lignification
 E - a potion of heal wounds {unknown}
 I - a potion of resistance {unknown}


   Skills:
 - Level 9.0 Fighting
 - Level 4.0(7.0) Axes
 + Level 7.4(7.8) Polearms
 - Level 1.2 Armour
 - Level 2.4 Dodging
 - Level 5.0 Shields
 + Level 4.6 Spellcasting
 - Level 3.2 Conjurations
 - Level 2.0 Translocations
 - Level 1.0 Air Magic
 - Level 4.0 Earth Magic
 + Level 2.5 Alchemy
 + Level 1.4 Evocations


You had one spell level left.
You knew the following spells:

 Your Spells              Type           Power      Damage    Failure   Level
a - Blink                 Tloc           20%        N/A       13%         2
b - Sandblast             Erth           34%        2d9       1%          1
c - Mercury Vapours       Alch/Air       20%        N/A       4%          2
d - Stone Arrow           Conj/Erth      32%        3d9       3%          3
e - Arcjolt               Conj/Air       5%         1d15      45%         5
f - Olgreb's Toxic Radia  Alch           12%        N/A       17%         4

Your spell library contained the following spells:

 Spells                   Type           Power      Damage    Failure   Level
 Magic Dart               Conj           60%        1d6       1%          1
 Freeze                   Ice            12%        1d3       5%          1
 Summon Small Mammal      Summ           12%        N/A       19%         1
 Scorch                   Fire           6%         2d5       8%          2
 Hailstorm                Conj/Ice       9%         3d6       8%          3
 Lesser Beckoning         Tloc           20%        N/A       13%         2
 Frozen Ramparts          Ice            6%         1d1       16%         3
 Flame Wave               Conj/Fire      9%         2d6       24%         4
 Maxwell's Portable Pile  Tloc           10%        2d(6-16)  26%         3
 Teleport Other           Tloc           10%        N/A       26%         3
 Call Imp                 Summ           6%         N/A       28%         2
 Ensorcelled Hibernation  Hex/Ice        6%         N/A       28%         2
 Call Canine Familiar     Summ           3%         N/A       50%         3
 Fugue of the Fallen      Necr           3%         N/A       50%         3
 Vhi's Electric Charge    Tloc/Air       18%        N/A       71%         4
 Anguish                  Hex/Necr       1%         N/A       88%         4
 Summon Blazeheart Golem  Fire/Summ      3%         N/A       88%         4
 Plasma Beam              Fire/Air       2%         2x1d12    99%         6
 Summon Cactus Giant      Summ           1%         N/A       100%        6
 Chain Lightning          Conj/Air       5%         3d7       100%        9
 Fire Storm               Conj/Fire      4%         8d1       100%        9
 Shatter                  Erth           8%         3d10*     100%        9


Dungeon Overview and Level Annotations

Branches:
Dungeon (8/15)             Temple (1/1) D:5
   Lair: D:8-11

Altars:
Ashenzari
Cheibriados
Dithmenos
Elyvilon
Kikubaaqudgha
Makhleb
Nemelex Xobeh
Okawaru
Qazlal
Ru
Sif Muna
Uskayaw
Vehumet
Wu Jian
Zin

Shops:
D:2 ?   D:5 [

Annotations:
D:6 exclusion: electric eel


Innate Abilities, Weirdness & Mutations

Your spellcasting is much less encumbered by armour.
You can use scrolls of enchantment on lesser artefacts.


Message History

You block the acid dragon's attack.
Your magical contamination has completely faded away.
Casting: Stone Arrow (mildly dangerous; 3% risk of failure)
Confirm with . or Enter, or press ? or * to list all spells.
Aiming: Stone Arrow (mildly dangerous; 3% risk of failure)
Press: ? - help, Shift-Dir - straight line, f/p - acid dragon
Aim: an acid dragon (heavily wounded, catching its breath, 68% to hit)
The stone arrow misses the acid dragon.
The acid dragon completely misses you.
The acid dragon claws you but does no damage.
Casting: Stone Arrow (mildly dangerous; 3% risk of failure)
Confirm with . or Enter, or press ? or * to list all spells.
Aiming: Stone Arrow (mildly dangerous; 3% risk of failure)
Press: ? - help, Shift-Dir - straight line, f/p - acid dragon
Aim: an acid dragon (heavily wounded, catching its breath, 68% to hit)
The stone arrow hits the acid dragon!
The acid dragon is severely wounded.
The acid dragon bites you! The acid dragon misses you.
Casting: Stone Arrow (mildly dangerous; 3% risk of failure)
Confirm with . or Enter, or press ? or * to list all spells.
Aiming: Stone Arrow (mildly dangerous; 3% risk of failure)
Press: ? - help, Shift-Dir - straight line, f/p - acid dragon
Aim: an acid dragon (severely wounded, 68% to hit)
The stone arrow misses the acid dragon.
The acid dragon spits acid at you. The splash of acid hits you!!
* * * LOW HITPOINT WARNING * * *
The acid corrodes you!
You don't have enough magic to cast this spell.
As you read the scroll of teleportation, it crumbles to dust.
You feel strangely unstable. The acid dragon bites you.
* * * LOW HITPOINT WARNING * * *
The acid dragon misses you.
The acid dragon attacks as it pursues you!
The acid dragon bites you!
* * * LOW HITPOINT WARNING * * *
You block the acid dragon's attack.
You feel yourself speed up.
A puff of flame appears from out of thin air!
The puff of flame hits you!
You die...

#+# #.## o?. #{# ♣#'#♣
.. #♣♣DPP♣♣..
#.P♣@.♣..P ..
#P....P♣♣P♣..
####♣..⌠...♣P.....
...##..#...............
#.....'...........<...
...##..#...............
#..#♣.♣.♣.♣.♣......
#..#..P♣.........♣.
.[.#.P♣P.PP.P......


You could see an acid dragon (catching breath) and an orc.

Vanquished Creatures
  A deep elf pyromancer (D:7)
  A manticore (D:7)
  2 hornets (D:7)
  2 water moccasins
  2 black bears
  An orc warrior (D:5)
  A sky beast (D:7)
  3 ogres
  4 centaurs
  4 phantoms
  5 kobold brigands
  3 bullfrogs
  5 scorpions
  A gnoll sergeant (D:5)
  5 wights (D:6)
  A killer bee (D:7)
  A howler monkey (D:7)
  2 electric eels (D:6)
  2 hounds
  3 jellies
  5 orc priests
  A gnoll bouda (D:7)
  4 orc wizards
  8 iguanas
  15 gnolls
  9 adders
  A shadow imp (D:6)
  2 white imps
  4 ufetubi (D:6)
  2 dart slugs
  2 ribbon worms
  19 orcs
  4 ball pythons (D:3)
  7 bats
  8 endoplasms
  2 giant cockroaches
  9 goblins
  5 hobgoblins
  5 jackals
  2 quokkas
  A frilled lizard (D:2)
  17 kobolds
  9 rats
190 creatures vanquished.

Notes
Turn   | Place    | Note
-------+----------+-------------------------------------------
     0 | D:1      | hikkokomori the Mountain Dwarf Monk began the quest for the
                  | Orb.
     0 | D:1      | Reached XP level 1. HP: 19/19 MP: 1/1
   159 | D:1      | Reached XP level 2. HP: 16/26 MP: 2/2
  1004 | D:2      | Reached XP level 3. HP: 33/33 MP: 3/3
  1148 | D:2      | Found Aniemo's Magic Scroll Shoppe.
  1161 | D:2      | Bought a scroll of identify for 28 gold pieces
  1161 | D:2      | Bought a scroll of teleportation for 42 gold pieces
  1201 | D:2      | Identified the +0 robe "Viliryat" {Harm Str-3 Archmagi}
  1227 | D:2      | Reached skill level 1 in Armour
  1393 | D:2      | Reached skill level 1 in Polearms
  1469 | D:2      | Reached skill level 4 in Fighting
  1469 | D:2      | Reached skill level 1 in Spellcasting
  1469 | D:2      | Reached XP level 4. HP: 35/40 MP: 5/5
  1609 | D:2      | Learned a level 2 spell: Blink
  1942 | D:3      | Reached XP level 5. HP: 18/46 MP: 5/7
  2131 | D:3      | Reached skill level 1 in Translocations
  2717 | D:3      | Found a burning altar of Makhleb.
  2909 | D:4      | Found a snail-covered altar of Cheibriados.
  2933 | D:4      | Noticed a phantom
  2970 | D:4      | Noticed a phantom
  2988 | D:4      | Killed a phantom
  2989 | D:4      | Reached XP level 6. HP: 38/55 MP: 9/9
  3095 | D:4      | Reached skill level 5 in Fighting
  3144 | D:4      | Reached XP level 7. HP: 29/61 MP: 9/11
  3633 | D:5      | Entered Level 5 of the Dungeon
  3775 | D:5      | Reached skill level 6 in Fighting
  3830 | D:5      | Found a staircase to the Ecumenical Temple.
  3885 | Temple   | Entered the Ecumenical Temple
  3892 | Temple   | Became a worshipper of Vehumet
  3892 | Temple   | Reached * piety under Vehumet
  3892 | Temple   | Offered knowledge of Sandblast by Vehumet.
  3892 | Temple   | Reached ** piety under Vehumet
  3895 | Temple   | Learned a level 1 spell: Sandblast
  4167 | D:5      | Offered knowledge of Mercury Vapours by Vehumet.
  4177 | D:5      | Reached skill level 1 in Earth Magic
  4382 | D:5      | Reached skill level 1 in Shields
  4382 | D:5      | Reached XP level 8. HP: 49/71 MP: 12/12
  4434 | D:5      | Learned a level 2 spell: Mercury Vapours
  4480 | D:5      | Found an ornate altar of the Wu Jian Council.
  4526 | D:5      | Reached skill level 5 in Polearms
  4832 | D:5      | Found Wuplysot's Antique Armour Shop.
  4987 | D:5      | Reached skill level 7 in Fighting
  4987 | D:5      | Reached skill level 1 in Alchemy
  6335 | D:6      | Identified the +2 robe "Biuduap" {rPois rN+ Int+4}
  6378 | D:6      | Reached XP level 9. HP: 43/79 MP: 11/14
  6673 | D:6      | Offered knowledge of Stone Arrow by Vehumet.
  6681 | D:6      | Learned a level 3 spell: Stone Arrow
  7050 | D:6      | Learned a level 5 spell: Arcjolt
  7064 | D:6      | Reached *** piety under Vehumet
  7065 | D:6      | Reached skill level 1 in Conjurations
  7720 | D:7      | Found an iron altar of Okawaru.
  7767 | D:7      | Found a sparkling altar of Nemelex Xobeh.
  7815 | D:7      | Reached skill level 8 in Fighting
  8256 | D:7      | Reached skill level 5 in Shields
  8388 | D:7      | Found a broken altar of Ashenzari.
  8825 | D:7      | Paralysed by a hornet for 3 turns
  8835 | D:7      | HP: 3/82 [acid (5)]
  9172 | D:7      | Noticed a deep elf pyromancer
  9172 | D:7      | Noticed a manticore
  9184 | D:7      | Killed a deep elf pyromancer
  9185 | D:7      | Reached skill level 1 in Air Magic
  9185 | D:7      | Reached XP level 10. HP: 74/90 MP: 11/16
  9192 | D:7      | Killed a manticore
  9192 | D:7      | Offered knowledge of Olgreb's Toxic Radiance by Vehumet.
  9202 | D:7      | Learned a level 4 spell: Olgreb's Toxic Radiance
  9363 | D:7      | Reached skill level 1 in Evocations
  9468 | D:7      | Reached skill level 9 in Fighting
  9631 | D:7      | Found a stormy altar of Qazlal.
  9716 | D:5      | Bought a brightly glowing chain mail for 294 gold pieces
  9716 | D:5      | Identified the +0 chain mail of Pan-Flutes {Harm Slay+3
                  | Stlth+} (You bought it in a shop on level 5 of the Dungeon)
  9918 | D:8      | HP: 1/91 [acid dragon (11)]
  9919 | D:8      | Killed from afar by an orc wizard

Illustrated notes

Levels and vault maps discovered:
D:1:      minmay_arrival_plants_in_alcoves, layout_loops_cross, st_stairs_6
D:2:      layout_basic, serial_shops, nicolae_shop_just_a_little_nook,
          kennysheep_minor_cross, kennysheep_boxes, uniq_sigmund
D:3:      layout_loops_ring, mainiacjoe_overflow_surrounded_room, serial_glass,
          glass_columns_c, glass_columns_b
D:4:      layout_cave_pools, kennysheep_slug_shrine
D:5:      layout_layer_cave, old_standard_altar, minmay_temple_entry_nine_rooms,
          serial_shops, nicolae_shop_tiny_statue_garden
D:6:      layout_loops_corners, serial_demonic, serial_demonic_c,
          serial_demonic_f, serial_demonic_c, serial_demonic_c,
          water_maze_lemuel
D:7:      nzn_winding_woodlands_three_and_one
          [nzn_winding_woodlands_5x15_crooked,
          nzn_winding_woodlands_5x15_sawtooth, nzn_winding_woodlands_5x15_twine,
          nzn_winding_woodlands_center_lodge], layout_basic, ashenzari_altar_1,
          kennysheep_okawaru_gauntlet, old_standard_altar,
          lemuel_coloured_pillars_altar
D:8:      layout_cave_pools, fedhas_altar_2, xom_teletrap_fun, serial_park,
          serial_park_central [serial_park_minivault_5x5_1,
          serial_park_minivault_5x5_3], serial_park_tiny_1, serial_park_gazebo
          [serial_park_minivault_5x5_1], chequers_serial_rivers_micro_d,
          grunt_ministairs_11
Temple:   nicolae_temple_bog_church

Skill      XL: |  1  2  3  4  5  6  7  8  9 10 |
---------------+-------------------------------+-----
Axes           | 4 |  4.0
Armour         | 1 |  1.2
Polearms       | 1 2 3 4 5 7 |  7.4
Fighting       | 4 5 6 7 8 9 |  9.0
Spellcasting   | 1 2 3 4 |  4.6
Translocations | 1 2 |  2.0
Earth Magic    | 1 2 4 |  4.0
Shields        | 1 3 5 |  5.0
Alchemy        | 2 |  2.5
Conjurations   | 3 |  3.2
Air Magic      | 1 |  1.0
Evocations     | 1 |  1.4
Dodging        | |  2.4

Action                     |  1- 3 |  4- 6 |  7- 9 | 10-12 || total
---------------------------+-------+-------+-------+-------++-------
  Melee: Hand axe          |    50 |       |       |       ||    50
         Trident           |    46 |   136 |   389 |    42 ||   613
  Throw: Boomerang         |       |       |    14 |       ||    14
   Cast: Blink             |       |       |     4 |       ||     4
         Mercury Vapours   |       |       |    12 |       ||    12
         Sandblast         |       |       |     7 |       ||     7
         Stone Arrow       |       |       |     9 |    12 ||    21
  Evoke: Wand              |       |       |     4 |       ||     4
    Use: Scroll            |     2 |     1 |    10 |     1 ||    14
         Potion            |       |     2 |     4 |     1 ||     7
   Stab: Distracted        |     2 |       |     1 |       ||     3
         Sleeping          |       |       |     1 |       ||     1
 Armour: Robe              |    36 |    11 |   136 |    32 ||   215
         Chain mail        |    17 |    13 |       |       ||    30
         Ring mail         |       |    44 |    45 |       ||    89
         Skin              |       |     7 |     1 |       ||     8
  Dodge: Dodged            |    61 |    97 |   316 |    41 ||   515
  Block: Buckler           |       |       |    39 |    12 ||    51

Table legend: (Time is in decaauts)
 A = Elapsed time spent in this place.
 B = Non-inter-level travel time spent in this place.
 C = Inter-level travel time spent in this place.
 D = Time resting spent in this place.
 E = Time spent auto-exploring this place.
 F = Levels seen in this place.
 G = Mean time per level.
                   A        B        C        D        E       F      G
               +--------+--------+--------+--------+--------+-----+--------+
         Total |   9944 |   9330 |    614 |   1065 |   6516 |   9 | 1104.9 |
       Dungeon |   9930 |   9321 |    609 |   1065 |   6516 |   8 | 1241.2 |
        Temple |     13 |      9 |      4 |      0 |      0 |   1 |   13.0 |
               +--------+--------+--------+--------+--------+-----+--------+

Top non-repeatable levels by time:
     D:6: 2530 daAuts
     D:7: 1967 daAuts
     D:5: 1507 daAuts
     D:2: 1060 daAuts
     D:1: 934 daAuts
     D:4: 925 daAuts
     D:3: 883 daAuts
     D:8: 121 daAuts
  Temple: 13 daAuts
